 Dungeon Crawl Stone Soup version 0.27.1-3-gb3d3a73c9e (webtiles) character file.

Game seed: 9786386837315604845

1842 AZSletch the Chiller (level 9, -6/66 HPs)
             Began as a Merfolk Ice Elementalist on Oct 9, 2021.
             Was an Initiate of Cheibriados.
             Mangled by a two-headed ogre (14 damage)
             ... on level 7 of the Dungeon.
             The game lasted 00:28:30 (7185 turns).

AZSletch the Chiller (Merfolk Ice Elementalist)     Turns: 7185, Time: 00:28:30

Health: -6/66      AC: 15    Str: 11    XL:     9   Next: 12%
Magic:  4/15       EV: 14    Int: 16    God:    Cheibriados [......]
Gold:   354        SH:  4    Dex: 16    Spells: 4/17 levels left

rFire    + . .     SeeInvis .   j - +0 spear (venom)
rCold    + . .     Faith    .   q - +0 buckler
rNeg     . . .     Spirit   .   a - +0 steam dragon scales
rPois    .         Reflect  .   m - +2 helmet
rElec    .         Harm     .   w - scarf {rC+ rF+}
rCorr    .         Rampage  .   (no gloves)
Will     .....                  (no boots)
Stlth    ++........             B - amulet of regeneration
HPRegen  1.21/turn              (no ring)
MPRegen  0.14/turn              (no ring)

@: ice-armoured, freezing walls, very slow
A: (nimble swimmer 2), mertail
a: Renounce Religion, Bend Time


You were on level 7 of the Dungeon.
You worshipped Cheibriados.
Cheibriados was noncommittal.
You visited 2 branches of the dungeon, and saw 8 of its levels.
You also visited: Sewer.

You collected 354 gold pieces.

Inventory:

Hand Weapons
 j - a +0 spear of venom (weapon)
 C - a +1 broad axe of flaming
Missiles
 b - 218 stones
 y - 13 poisoned darts (quivered)
Armour
 a - +0 steam dragon scales (worn)
 m - a +2 helmet (worn)
 q - a +0 buckler (worn)
 w - a scarf of resistance (worn)
 D - +0 acid dragon scales
Jewellery
 g - an amulet of magic regeneration
 B - an amulet of regeneration (around neck)
Wands
 x - a wand of iceblast (12)
Scrolls
 e - 5 scrolls of identify {unknown}
 f - 3 scrolls of teleportation {unknown}
 i - 2 scrolls of blinking {unknown}
 n - a scroll of acquirement {unknown}
 o - a scroll of fear {unknown}
 s - a scroll of enchant armour {unknown}
 u - a scroll of summoning {unknown}
 v - a scroll of enchant weapon {unknown}
 A - a scroll of magic mapping {unknown}
Potions
 c - a potion of curing
 h - 2 potions of haste
 k - 2 potions of might {unknown}
 l - 2 potions of brilliance {unknown}
 p - 2 potions of ambrosia {unknown}
 t - a potion of heal wounds {unknown}
 z - 4 potions of flight {unknown}
Miscellaneous
 r - a phial of floods


   Skills:
 + Level 4.6 Fighting
 + Level 5.6 Polearms
 + Level 6.4 Dodging
 - Level 2.1 Stealth
 + Level 0.5 Shields
 + Level 4.5 Spellcasting
 + Level 0.0 Conjurations
 + Level 3.6 Hexes
 * Level 7.9 Ice Magic
 * Level 1.0 Invocations


You had 4 spell levels left.
You knew the following spells:

 Your Spells              Type           Power      Damage    Failure   Level
a - Freeze                Ice            100%       1d11      1%          1
b - Frozen Ramparts       Ice            58%        1d7       2%          3
c - Ozocubu's Armour      Ice            29%        N/A       2%          3
d - Slow                  Hex            15%        N/A       9%          2
e - Hailstorm             Conj/Ice       16%        3d6       43%         4

Your spell library contained the following spells:

 Spells                   Type           Power      Damage    Failure   Level
 Confusing Touch          Hex            15%        N/A       17%         3
 Magic Dart               Conj           12%        1d3       26%         1
 Searing Ray              Conj           6%         3d3       36%         2
 Vampiric Draining        Necr           1%         2d6       58%         3
 Fulminant Prism          Conj/Hex       4%         3d6       75%         4
 Leda's Liquefaction      Hex/Erth       4%         N/A       75%         4
 Bolt of Magma            Conj/Fire/Erth 1%         4d4       100%        5
 Conjure Ball Lightning   Conj/Air       1%         3x3d6     100%        6
 Statue Form              Tmut/Erth      2%         N/A       100%        6
 Discord                  Hex            7%         N/A       100%        8
 Disjunction              Tloc           1%         N/A       100%        8


Dungeon Overview and Level Annotations

Branches:
Dungeon (7/15)             Temple (1/1) D:7           Sewer (visited)

Altars:
Ashenzari
Cheibriados
Dithmenos
Elyvilon
Fedhas
Hepliaklqana
Kikubaaqudgha
Makhleb
Nemelex Xobeh
Okawaru
Qazlal
Ru
Trog
Uskayaw
Wu Jian
Xom
Yredelemnul
Zin
The Shining One

Annotations:
D:4 Eustachio
D:7 1 runed translucent door, brob1's ghost, novice DjFE


Innate Abilities, Weirdness & Mutations

((You are quick and stealthy near water. (Stealth+, EV+, Speed+++)))
Your lower body shifts to a powerful aquatic tail in water.


Message History

The poisoned dart hits the two-headed ogre.
The two-headed ogre is poisoned.
Casting: Slow (safe; 9% risk of failure)
Confirm with . or Enter, or press ? or * to list all spells.
Casting: Frozen Ramparts (dangerous; 2% risk of failure)
Press: ? - help, Dir - look around, f - activate The walls around you are covered in ice.
The wall freezes the two-headed ogre.
The two-headed ogre hits you with a +0 giant club.
The two-headed ogre hits you with a +0 giant spiked club!!
Casting: Frozen Ramparts (dangerous; 2% risk of failure)
Confirm with . or Enter, or press ? or * to list all spells.
A film of ice covers your body!
The wall freezes the two-headed ogre.
The two-headed ogre misses you. x2
Reach: j) +0 spear (venom)
Press: ? - help, Dir - move target, f - two-headed ogre
Aim: a two-headed ogre, wielding a +0 giant club and a +0 giant spiked club (lightly wounded, poisoned, about 21% to evade your +0 spear of venom)
You hit the two-headed ogre.
The two-headed ogre is moderately wounded.
Your magical contamination has completely faded away.
Reach: j) +0 spear (venom)
Press: ? - help, Dir - move target, f/p - two-headed ogre
Aim: a two-headed ogre, wielding a +0 giant club and a +0 giant spiked club (moderately wounded, poisoned, about 21% to evade your +0 spear of venom)
You barely miss the two-headed ogre.
The two-headed ogre is moderately wounded.
The wall freezes the two-headed ogre!
The two-headed ogre barely misses you.
The two-headed ogre hits you with a +0 giant spiked club!
You fail to use your ability.
The wall freezes the two-headed ogre.
The two-headed ogre hits you with a +0 giant club.
* * * LOW HITPOINT WARNING * * *
The two-headed ogre hits you with a +0 giant spiked club!
* * * LOW HITPOINT WARNING * * *
You hit the two-headed ogre but do no damage.
The two-headed ogre is heavily wounded.
The two-headed ogre looks more healthy.
You hit the two-headed ogre.
The two-headed ogre is poisoned.
The two-headed ogre is heavily wounded.
The wall freezes the two-headed ogre.
You block the two-headed ogre's attack.
The two-headed ogre hits you with a +0 giant spiked club!
You die...

...... ###........#####..
......####.......#.........
o....#.....................
..8.............)...#######
.................####
...._............#
##......(........##
#8.8....O........#
########.@.......#
####....### ##...# #...#
##..# ..### #..# #
......###.## ##
#.......###.# ##.
#.........#.## #..


You could see a two-headed ogre (very poisoned).

Vanquished Creatures
  Maggie (D:7)
  A steam dragon (D:7)
  A black bear (D:6)
  2 necrophages
  Purgy (Sewer)
  2 ogres
  A phantom (D:5)
  A bullfrog (D:6)
  2 scorpions
  A water moccasin zombie (D:7)
  A bullfrog skeleton (D:6)
  4 orc priests
  2 hounds (D:6)
  2 iguanas (D:6)
  2 orc wizards (D:7)
  Ijyb (D:3)
  Robin (D:2)
  4 gnolls (D:3)
  A howler monkey skeleton (D:7)
  6 adders
  A white imp (D:7)
  An adder skeleton (D:2)
  A worm (D:2)
  16 orcs
  6 ball pythons
  7 bats
  11 endoplasms
  7 giant cockroaches
  15 goblins
  10 hobgoblins
  9 jackals
  9 kobolds
  5 quokkas
  5 frilled lizards
  9 rats
149 creatures vanquished.

Vanquished Creatures (others)
  A fungus (D:1)
  15 plants
16 creatures vanquished.

Grand Total: 165 creatures vanquished

Notes
Turn   | Place    | Note
-------+----------+-------------------------------------------
     0 | D:1      | AZSletch the Merfolk Ice Elementalist began the quest for
                  | the Orb.
     0 | D:1      | Reached XP level 1. HP: 13/13 MP: 3/3
    18 | D:1      | Found a faded altar of an unknown god.
   139 | D:1      | Reached XP level 2. HP: 19/20 MP: 3/5
   341 | D:1      | Reached skill level 1 in Fighting
   517 | D:1      | You fall into a shaft and drop 1 floor!
   748 | D:1      | Reached XP level 3. HP: 23/26 MP: 4/6
   752 | D:1      | Learned a level 3 spell: Frozen Ramparts
  1897 | D:2      | Reached XP level 4. HP: 32/32 MP: 5/7
  1901 | D:2      | Learned a level 3 spell: Ozocubu's Armour
  2193 | D:2      | Noticed Robin
  2212 | D:2      | Killed Robin
  2213 | D:2      | Reached skill level 1 in Polearms
  2537 | D:2      | Reached skill level 5 in Ice Magic
  2548 | D:2      | Reached XP level 5. HP: 34/38 MP: 9/9
  2561 | D:2      | Learned a level 2 spell: Slow
  2824 | D:3      | Found a glowing drain.
  2857 | Sewer    | Entered a sewer
  2902 | Sewer    | Noticed Purgy
  2914 | Sewer    | Killed Purgy
  2915 | Sewer    | Reached skill level 1 in Hexes
  2915 | Sewer    | Reached XP level 6. HP: 41/46 MP: 1/10
  3717 | D:3      | Noticed Ijyb
  3735 | D:3      | Killed Ijyb
  4383 | D:4      | Noticed Eustachio
  4458 | D:4      | You fall into a shaft and drop 2 floors!
  4486 | D:6      | Reached XP level 7. HP: 42/51 MP: 4/12
  4557 | D:5      | Entered Level 5 of the Dungeon
  4574 | D:5      | Reached skill level 6 in Ice Magic
  4793 | D:5      | Reached skill level 5 in Dodging
  5438 | D:6      | Reached XP level 8. HP: 56/59 MP: 11/13
  5467 | D:6      | Found a hide-covered altar of Uskayaw.
  5765 | D:6      | Reached skill level 7 in Ice Magic
  6279 | D:7      | Noticed a wyvern
  6412 | D:7      | Found a staircase to the Ecumenical Temple.
  6421 | Temple   | Entered the Ecumenical Temple
  6605 | Temple   | Became a worshipper of Cheibriados the Contemplative
  6741 | D:7      | Reached skill level 5 in Polearms
  6805 | D:7      | Noticed Maggie
  6827 | D:7      | Killed Maggie
  6828 | D:7      | Reached XP level 9. HP: 52/66 MP: 3/15
  6923 | D:7      | Found a runed translucent door.
  6923 | D:7      | Found a shimmering altar of Xom.
  6923 | D:7      | Noticed brob1's ghost (novice DjFE)
  6927 | D:7      | Noticed a +2 short sword of chaos
  7052 | D:7      | Reached skill level 1 in Invocations
  7068 | D:7      | Learned a level 4 spell: Hailstorm
  7106 | D:7      | Found a faded altar of an unknown god.
  7126 | D:7      | Noticed a two-headed ogre
  7185 | D:7      | Mangled by a two-headed ogre

Illustrated notes

Levels and vault maps discovered:
D:1:      roderic_dead_forest, layout_basic, dreamdust_ecumenical_altar_grove,
          serial_forest, infiniplex_forest_corner_1, infiniplex_forest_diagonal,
          infiniplex_forest_clump_medium, infiniplex_forest_end_1,
          infiniplex_forest_corner_1
D:2:      layout_rooms, minmay_divided_ellipse, uniq_robin
D:3:      layout_loops_corners, gup_sewer_entry_pipe, uniq_ijyb
D:4:      layout_basic, uniq_edmund, uniq_eustachio
D:5:      layout_rooms
D:6:      layout_cave_pools, mainiacjoe_overflow_chevrons, bh_walls_and_bars
D:7:      layout_cave_pods, minmay_temple_entry_large_hall, ebering_ghost_xom,
          serial_column_ruins, column_ruins_hut_ruined,
          column_ruins_temple_hall, column_ruins_grid_1,
          column_ruins_columns_corner, column_ruins_grid_1,
          column_ruins_open_tiny, feat_on_display, uniq_maggie
Temple:   dpeg_five_rooms_temple

Skill      XL: |  1  2  3  4  5  6  7  8  9 |
---------------+----------------------------+-----
Dodging        | 3 4 5 6 |  6.4
Fighting       | 1 2 3 4 |  4.6
Polearms       | 1 2 3 4 5 |  5.6
Ice Magic      | 5 6 7 |  7.9
Spellcasting   | 3 4 |  4.5
Hexes          | 1 2 3 |  3.6
Invocations    | 1 |  1.0
Stealth        | |  2.1
Shields        | |  0.5

Action                   |  1- 3 |  4- 6 |  7- 9 || total
-------------------------+-------+-------+-------++-------
Melee: Unarmed           |     1 |       |       ||     1
       Hand axe          |    25 |       |       ||    25
       Spear             |     3 |   108 |   164 ||   275
Throw: Stone             |    21 |    36 |     2 ||    59
       Dart              |       |       |    12 ||    12
 Cast: Freeze            |    49 |    46 |    23 ||   118
       Frozen Ramparts   |     2 |    16 |    17 ||    35
       Ozocubu's Armour  |       |     5 |    10 ||    15
       Slow              |       |       |     5 ||     5
  Use: Potion            |       |     1 |       ||     1
Armor: Robe              |     5 |       |       ||     5
       Leather armour    |    10 |    41 |    36 ||    87
       Steam dragon scal |       |       |     4 ||     4
       Acid dragon scale |       |       |     1 ||     1
Dodge: Dodged            |    39 |    90 |    95 ||   224
Block: Buckler           |       |       |     7 ||     7
